Carnivores vs Little Stars
Created - 26 février 2017 at 19:29
Goals
|
Carnivores |
1 |
2 |
1 |
4 |
Little Stars |
0 |
1 |
1 |
2 |
|
Shots
|
Carnivores |
14 |
11 |
14 |
39 |
Little Stars |
11 |
11 |
11 |
33 |
|
1st period
1. Carnivores , Blake Geoffrion 32 (Brendan Gallagher) at 14:33 (PP)
Penalties :
Brendan Gallagher (Bre) for Slashing (Minor) at 9:53, Alex Chiasson (Tex) for Holding (Minor) at 12:46
2nd period
2. Carnivores , Brendan Gallagher 26 (Mikael Granlund, Blake Geoffrion) at 6:23
3. Little Stars , Hugh Jessiman 31 (Marcus Johansson, Brian Flynn) at 10:49
4. Carnivores , Blake Geoffrion 33 (Mikael Granlund, Nate Schmidt) at 15:21 (PP)
Penalties :
Mattias Backman (Bre) for Diving (Minor) at 1:42, Danny DeKeiser (Tex) for Slashing (Minor) at 1:48, Petter Granberg (Tex) for Hooking (Minor) at 6:26, Raphael Diaz (Tex) for Interference (Minor) at 14:11, Hugh Jessiman (Tex) for Hooking (Minor) at 15:00
3rd period
5. Carnivores , Blake Geoffrion 34 (Bobby Sanguinetti, Brendan Gallagher) at 16:07 (PP)
6. Little Stars , Brian Flynn 9 (Marcus Johansson, Dana Tyrell) at 18:01
Penalties :
Raphael Diaz (Tex) for High sticking (Minor) at 6:44, T.J. Tynan (Tex) for Interference (Minor) at 10:31, Jesse Joensuu (Tex) for Holding (Minor) at 15:54, Brendan Gallagher (Bre) for Tripping (Minor) at 18:21
Goalie Stats
Chad Johnson (Bre), 31 saves from 33 shots - (0,939), W, 22-9-3, 60:00 minutes
Peter Budaj (Tex), 35 saves from 39 shots - (0,897), L, 13-11-5, 60:00 minutes
Players Stats for Carnivores
Player Name G A P +/- PIM S H SB GA TA FO MP PP MP PK MP
------------------------------------------------------------------------------------
Anton Gustafsson 0 0 0 -2 0 5 2 1 0 1 13/18 20:04 4:27 2:02
Blake Geoffrion 3 1 4 1 0 5 1 0 4 0 1/2 20:30 6:20 0:00
Bobby Sanguinetti 0 1 1 -1 0 3 4 0 1 1 0/0 28:18 6:38 1:54
Brendan Gallagher 1 2 3 1 4 3 4 2 1 0 0/1 19:18 5:48 0:00
Chris Lawrence 0 0 0 -2 0 5 0 0 0 0 0/2 18:02 4:27 0:00
Colton Orr 0 0 0 0 0 1 2 0 1 0 0/0 7:28 0:04 1:13
Jeremy Welsh 0 0 0 -2 0 3 1 1 1 0 1/1 16:59 4:27 0:00
Lane MacDermid 0 0 0 0 0 5 3 0 1 0 1/1 13:20 0:00 1:50
Mark McNeill 0 0 0 0 0 1 0 2 0 0 0/0 11:13 0:04 0:00
Markus Granlund 0 0 0 0 0 1 1 0 0 0 5/5 11:39 0:30 0:00
Mat Clark 0 0 0 1 0 0 1 3 0 0 0/0 20:07 4:07 1:49
Mattias Backman 0 0 0 -1 2 0 1 1 0 0 0/0 11:18 0:06 0:00
Michael Schumacher 0 0 0 0 0 0 0 0 0 0 0/0 6:46 0:00 0:57
Mikael Granlund 0 2 2 1 0 1 2 3 0 0 21/34 21:41 6:20 0:28
Nate Schmidt 0 1 1 -1 0 2 1 3 0 2 0/0 29:30 6:38 1:54
Phil Oreskovic 0 0 0 1 0 3 0 1 1 0 0/0 21:00 4:13 1:49
Sasha Pokulok 0 0 0 -1 0 1 0 0 0 0 0/0 10:23 0:06 0:00
Zack Smith 0 0 0 0 0 0 0 0 0 0 2/3 6:45 0:00 0:56
Players Stats for Little Stars
Player Name G A P +/- PIM S H SB GA TA FO MP PP MP PK MP
------------------------------------------------------------------------------------
Alex Chiasson 0 0 0 0 2 3 0 0 0 1 0/0 20:19 2:03 4:47
Andrej Nestrasil 0 0 0 0 0 0 0 0 0 0 2/7 10:23 0:00 0:00
Brian Flynn 1 1 2 2 0 3 0 0 0 0 4/6 13:48 1:40 0:00
Conor Allen 0 0 0 1 0 2 2 1 0 0 0/0 15:37 0:00 2:07
Dana Tyrell 0 1 1 0 0 1 1 0 1 0 7/27 13:47 2:03 0:00
Danny DeKeiser 0 0 0 0 2 2 0 0 0 2 0/0 20:51 1:42 4:04
Hugh Jessiman 1 0 1 2 2 1 2 1 0 1 0/1 16:50 1:40 1:57
James Livingstone 0 0 0 -1 0 0 0 0 0 0 0/0 7:59 0:00 0:00
Jesse Joensuu 0 0 0 0 2 9 4 1 0 0 0/0 11:20 0:00 0:36
Marcus Johansson 0 2 2 2 0 1 4 3 0 1 0/2 19:09 1:40 4:16
Mathieu Roy 0 0 0 0 0 0 1 0 0 2 0/0 20:47 1:43 4:04
Niklas Hjalmarsson 0 0 0 0 0 3 1 1 0 2 0/0 25:25 2:00 6:47
Oscar Lindberg 0 0 0 0 0 0 0 0 0 0 0/0 0:00 0:00 0:00
Petter Granberg 0 0 0 1 2 0 2 0 0 1 0/0 14:58 0:00 0:00
Raphael Diaz 0 0 0 0 4 2 0 1 0 0 0/0 23:10 2:00 4:40
Robert Klinkhammer 0 0 0 -1 0 2 1 0 0 0 1/1 10:34 0:00 2:35
Sean Avery 0 0 0 0 0 4 3 1 3 0 7/15 21:55 2:03 6:22
T.J. Tynan 0 0 0 -1 2 0 0 0 0 0 2/7 9:32 0:00 0:47
Tyler Randell 0 0 0 0 0 0 1 0 0 0 0/1 10:23 0:00 0:00
3 Stars
1 - Blake Geoffrion (Bre)
2 - Marcus Johansson (Tex)
3 - Brendan Gallagher (Bre)
Power Play
Carnivores - 3 on 8 Attempt(s) - 37,50%
Little Stars - 0 on 3 Attempt(s) - 0,00%
Penalty Kill
Carnivores - 3 on 3 Attempt(s) - 100,00%
- Score 0 goal in Penalty Kill
Little Stars - 5 on 8 Attempt(s) - 62,50%
- Score 0 goal in Penalty Kill
Team Stat
Carnivores - Hits : 23 - Faceoff Wins : 44 - Blocked Shots : 17 - Penalty Minutes : 6
Little Stars - Hits : 22 - Faceoff Wins : 23 - Blocked Shots : 9 - Penalty Minutes : 16
Official
Referees : Morton Dean and Rooney Chris
Linesman : Mark Shewchyk and Dan Schachte
Game Notes
7:12 of 1st period - Carnivores goal is going for a video replay. After video review, No Goal. The referee deems the play has been stopped, even if he had not physically had the opportunity to stop play by blowing his whistle.
Blake Geoffrion has scored a Hat Trick!
Finance
Level 1 -- Attendance: 1428 (71,40%) -- Ticket Income 42 840 $
Level 2 -- Attendance: 710 (71,00%) -- Ticket Income 14 200 $
Total Attendance: 2138 (71,27%)
Total Ticket Income: 57 040 $
Other Income: 2 852 $
Total Income: 59 892 $
Carnivores
5 vs 5 Forward
Center Left Wing Right Wing Time % Phy DF OF
1 Mikael Granlund Blake Geoffrion Brendan Gallagher 40 1 2 2
2 Anton Gustafsson Jeremy Welsh Chris Lawrence 30 1 2 2
3 Markus Granlund Lane MacDermid Mark McNeill 20 1 2 2
4 Zack Smith Michael Schumacher Colton Orr 10 1 2 2
5 vs 5 Defense
Defense Defense Time % Phy DF OF
1 Bobby Sanguinetti Nate Schmidt 40 1 2 2
2 Mat Clark Phil Oreskovic 30 1 2 2
3 Mattias Backman Sasha Pokulok 20 1 2 2
4 Mattias Backman Nate Schmidt 10 1 2 2
PowerPlay Forward
Center Left Wing Right Wing Time % Phy DF OF
1 Mikael Granlund Blake Geoffrion Brendan Gallagher 60 1 1 3
2 Anton Gustafsson Jeremy Welsh Chris Lawrence 40 1 1 3
PowerPlay Defense
Defense Defense Time % Phy DF OF
1 Bobby Sanguinetti Nate Schmidt 60 1 2 2
2 Mat Clark Phil Oreskovic 40 1 2 2
Penalty Kill 4 Players Forward
Center Wing Time % Phy DF OF
1 Anton Gustafsson Lane MacDermid 60 1 2 2
2 Zack Smith Brendan Gallagher 40 1 2 2
Penalty Kill 4 Players Defense
Defense Defense Time % Phy DF OF
1 Bobby Sanguinetti Nate Schmidt 60 1 2 2
2 Mat Clark Phil Oreskovic 40 1 2 2
Penalty Kill - 3 Players Forward
Forward Time % Phy DF OF
1 Chris Lawrence 60 1 2 2
2 Zack Smith 40 1 2 2
Penalty Kill - 3 Players Defense
Defense Defense Time % Phy DF OF
1 Bobby Sanguinetti Nate Schmidt 60 1 2 2
2 Mat Clark Phil Oreskovic 40 1 2 2
4 vs 4 Forward
Center Wing Time % Phy DF OF
1 Mikael Granlund Blake Geoffrion 60 1 2 2
2 Anton Gustafsson Chris Lawrence 40 1 2 2
4 vs 4 Defense
Defense Defense Time % Phy DF OF
1 Bobby Sanguinetti Nate Schmidt 60 1 2 2
2 Phil Oreskovic Sasha Pokulok 40 1 2 2
Last Minutes Offensive
Center Left Wing Right Wing Defense Defense
Mikael Granlund Blake Geoffrion Brendan Gallagher Bobby Sanguinetti Nate Schmidt
Last Minutes Defensive
Center Left Wing Right Wing Defense Defense
Anton Gustafsson Blake Geoffrion Brendan Gallagher Bobby Sanguinetti Nate Schmidt
Goaltenders
Starting : Chad Johnson
Backup : Antti Raanta
Extra Forwards
Normal : Markus Granlund, Mark McNeill, Zack Smith - PP : Markus Granlund, Mark McNeill - PK : Colton Orr
Extra Defensemen
Normal : Mat Clark, Mattias Backman, Nate Schmidt - PP : Mat Clark - PK : Nate Schmidt, Bobby Sanguinetti
Penalty Shots
Blake Geoffrion, Brendan Gallagher, Chris Lawrence, Colton Orr, Zack Smith
Little Stars
5 vs 5 Forward
Center Left Wing Right Wing Time % Phy DF OF
1 Dana Tyrell Sean Avery Alex Chiasson 35 1 2 2
2 Brian Flynn Marcus Johansson Hugh Jessiman 30 1 2 2
3 Andrej Nestrasil Jesse Joensuu Tyler Randell 20 1 2 2
4 T.J. Tynan Robert Klinkhammer James Livingstone 15 1 2 2
5 vs 5 Defense
Defense Defense Time % Phy DF OF
1 Niklas Hjalmarsson Raphael Diaz 30 1 2 2
2 Mathieu Roy Danny DeKeiser 30 1 2 2
3 Petter Granberg Conor Allen 30 1 2 2
4 Niklas Hjalmarsson Raphael Diaz 10 1 2 2
PowerPlay Forward
Center Left Wing Right Wing Time % Phy DF OF
1 Dana Tyrell Sean Avery Alex Chiasson 60 1 2 2
2 Brian Flynn Marcus Johansson Hugh Jessiman 40 1 2 2
PowerPlay Defense
Defense Defense Time % Phy DF OF
1 Niklas Hjalmarsson Raphael Diaz 60 1 2 2
2 Mathieu Roy Danny DeKeiser 40 1 2 2
Penalty Kill 4 Players Forward
Center Wing Time % Phy DF OF
1 Sean Avery Alex Chiasson 60 1 2 2
2 Marcus Johansson Hugh Jessiman 40 1 2 2
Penalty Kill 4 Players Defense
Defense Defense Time % Phy DF OF
1 Niklas Hjalmarsson Raphael Diaz 60 1 2 2
2 Mathieu Roy Danny DeKeiser 40 1 2 2
Penalty Kill - 3 Players Forward
Forward Time % Phy DF OF
1 Sean Avery 60 1 2 2
2 Alex Chiasson 40 1 2 2
Penalty Kill - 3 Players Defense
Defense Defense Time % Phy DF OF
1 Niklas Hjalmarsson Raphael Diaz 60 1 2 2
2 Mathieu Roy Danny DeKeiser 40 1 2 2
4 vs 4 Forward
Center Wing Time % Phy DF OF
1 Sean Avery Alex Chiasson 60 1 2 2
2 Marcus Johansson Hugh Jessiman 40 1 2 2
4 vs 4 Defense
Defense Defense Time % Phy DF OF
1 Niklas Hjalmarsson Raphael Diaz 60 1 2 2
2 Mathieu Roy Danny DeKeiser 40 1 2 2
Last Minutes Offensive
Center Left Wing Right Wing Defense Defense
Dana Tyrell Sean Avery Alex Chiasson Niklas Hjalmarsson Raphael Diaz
Last Minutes Defensive
Center Left Wing Right Wing Defense Defense
Dana Tyrell Sean Avery Alex Chiasson Niklas Hjalmarsson Raphael Diaz
Goaltenders
Starting : Peter Budaj
Backup : Laurent Brossoit
Extra Forwards
Normal : Oscar Lindberg, Jesse Joensuu, Robert Klinkhammer - PP : Oscar Lindberg, Jesse Joensuu - PK : Robert Klinkhammer
Extra Defensemen
Normal : Petter Granberg, Conor Allen, Mathieu Roy - PP : Petter Granberg - PK : Conor Allen, Mathieu Roy
Penalty Shots
Sean Avery, Alex Chiasson, Marcus Johansson, Hugh Jessiman, Dana Tyrell
% Time on Ice - Carnivores
Lines # - Real PCT - Wanted PCT - Time Play
Normal Forward
1 - 33% - 40% - 14:25
2 - 29% - 30% - 12:32
3 - 25% - 20% - 10:47
4 - 13% - 10% - 5:49
Normal Defense
1 - 42% - 40% - 18:09
2 - 34% - 30% - 14:42
3 - 22% - 20% - 9:30
4 - 3% - 10% - 1:12
PP Forward
1 - 59% - 60% - 6:24
2 - 41% - 40% - 4:27
PP Defense
1 - 61% - 60% - 6:38
2 - 39% - 40% - 4:13
PK Forward
1 - 75% - 60% - 2:47
2 - 25% - 40% - 0:56
PK Defense
1 - 51% - 60% - 1:54
2 - 49% - 40% - 1:49
PK3 Forward
1 - 0% - 60%
2 - 0% - 40%
PK3 Defense
1 - 0% - 60%
2 - 0% - 40%
44 Forward
1 - 44% - 60% - 0:50
2 - 56% - 40% - 1:03
44 Defense
1 - 86% - 60% - 1:37
2 - 14% - 40% - 0:16
Last Minute Offensive - 0:00
Last Minute Defensive - 0:00
Total
Forward - 60:00
Defense - 60:00
|
% Time on Ice - Little Stars
Lines # - Real PCT - Wanted PCT - Time Play
Normal Forward
1 - 30% - 35% - 13:02
2 - 28% - 30% - 12:09
3 - 24% - 20% - 10:23
4 - 18% - 15% - 7:59
Normal Defense
1 - 32% - 30% - 13:47
2 - 32% - 30% - 13:49
3 - 32% - 30% - 13:48
4 - 5% - 10% - 2:09
PP Forward
1 - 55% - 60% - 2:03
2 - 45% - 40% - 1:40
PP Defense
1 - 54% - 60% - 2:00
2 - 46% - 40% - 1:43
PK Forward
1 - 76% - 60% - 7:56
2 - 24% - 40% - 2:34
PK Defense
1 - 61% - 60% - 6:26
2 - 39% - 40% - 4:04
PK3 Forward
1 - 100% - 60% - 0:21
2 - 0% - 40% - 0:00
PK3 Defense
1 - 100% - 60% - 0:21
2 - 0% - 40% - 0:00
44 Forward
1 - 43% - 60% - 0:49
2 - 57% - 40% - 1:04
44 Defense
1 - 37% - 60% - 0:42
2 - 63% - 40% - 1:11
Last Minute Offensive - 0:00
Last Minute Defensive - 0:00
Total
Forward - 60:00
Defense - 60:00
|
Play by Play
1st period
0:01 of 1st period - Mikael Granlund wins face-off versus Dana Tyrell in neutral zone.
1:32 of 1st period - Conor Allen is hit by Bobby Sanguinetti and loses puck.
1:41 of 1st period - Nate Schmidt is hit by Petter Granberg.
2:11 of 1st period - Phil Oreskovic is hit by Niklas Hjalmarsson.
2:33 of 1st period - Wrist shot by Robert Klinkhammer.
2:33 of 1st period - Deflect By T.J. Tynan.
2:33 of 1st period - Shot Blocked by Brendan Gallagher.
2:33 of 1st period - Puck is out of play.
2:34 of 1st period - Anton Gustafsson wins face-off versus T.J. Tynan in Carnivores zone.
2:53 of 1st period - Snap shot by James Livingstone.
2:53 of 1st period - Shot Blocked by Phil Oreskovic.
2:57 of 1st period - Wrist shot by Robert Klinkhammer.
2:57 of 1st period - Stopped by Chad Johnson without a rebound.
2:58 of 1st period - Mikael Granlund wins face-off versus Dana Tyrell in Carnivores zone.
3:09 of 1st period - Slapshot by Brendan Gallagher.
3:09 of 1st period - Stopped by Peter Budaj without a rebound.
3:10 of 1st period - Dana Tyrell wins face-off versus Blake Geoffrion in Little Stars zone.
3:19 of 1st period - Wrist shot by Sean Avery.
3:19 of 1st period - Deflect By Alex Chiasson.
3:19 of 1st period - Stopped by Chad Johnson with a rebound.
3:35 of 1st period - Phil Oreskovic is hit by Marcus Johansson and loses puck.
3:42 of 1st period - Wrist shot by Marcus Johansson.
3:42 of 1st period - Shot Blocked by Mat Clark.
3:44 of 1st period - Wrist shot by Brian Flynn.
3:44 of 1st period - Stopped by Chad Johnson with a rebound.
3:46 of 1st period - Wrist shot by Hugh Jessiman.
3:46 of 1st period - Shot Blocked by Mark McNeill.
4:00 of 1st period - Slapshot by Chris Lawrence.
4:00 of 1st period - Stopped by Peter Budaj without a rebound.
4:01 of 1st period - Anton Gustafsson wins face-off versus Andrej Nestrasil in Little Stars zone.
4:06 of 1st period - Snap shot by Anton Gustafsson.
4:06 of 1st period - Shot Misses the Net.
4:14 of 1st period - Snap shot by Jesse Joensuu.
4:14 of 1st period - Stopped by Chad Johnson without a rebound.
4:15 of 1st period - Mikael Granlund wins face-off versus Dana Tyrell in Carnivores zone.
4:28 of 1st period - Snap shot by Sean Avery.
4:28 of 1st period - Shot Blocked by Brendan Gallagher.
4:30 of 1st period - Slapshot by Conor Allen.
4:30 of 1st period - Stopped by Chad Johnson with a rebound.
4:40 of 1st period - Brian Flynn is hit by Colton Orr and loses puck.
4:45 of 1st period - Wrist shot by Colton Orr.
4:45 of 1st period - Shot Misses the Net.
5:13 of 1st period - Off-side.
5:14 of 1st period - Mikael Granlund wins face-off versus T.J. Tynan in neutral zone.
5:39 of 1st period - Alex Chiasson is hit by Markus Granlund and loses puck.
6:07 of 1st period - Slapshot by Jeremy Welsh.
6:07 of 1st period - Stopped by Peter Budaj with a rebound.
6:09 of 1st period - Wrist shot by Chris Lawrence.
6:09 of 1st period - Shot Blocked by Marcus Johansson.
6:11 of 1st period - Slapshot by Nate Schmidt.
6:11 of 1st period - Stopped by Peter Budaj without a rebound.
6:12 of 1st period - Dana Tyrell wins face-off versus Mikael Granlund in Little Stars zone.
6:12 of 1st period - Dana Tyrell is hit by Brendan Gallagher.
6:48 of 1st period - Mat Clark is hit by Marcus Johansson.
6:52 of 1st period - Phil Oreskovic is hit by Conor Allen and loses puck.
7:04 of 1st period - Off-side.
7:05 of 1st period - Anton Gustafsson wins face-off versus Andrej Nestrasil in neutral zone.
7:10 of 1st period - Slapshot by Chris Lawrence.
7:10 of 1st period - Stopped by Peter Budaj with a rebound.
7:12 of 1st period - Wrist shot by Anton Gustafsson.
7:12 of 1st period - Carnivores goal is going for a video replay.
7:12 of 1st period - The goal is refused. The referee deems the play has been stopped, even if he had not physically had the opportunity to stop play by blowing his whistle..
7:13 of 1st period - Mikael Granlund wins face-off versus Dana Tyrell in Little Stars zone.
7:22 of 1st period - Snap shot by Blake Geoffrion.
7:22 of 1st period - Shot Misses the Net.
7:24 of 1st period - Wrist shot by Blake Geoffrion.
7:24 of 1st period - Stopped by Peter Budaj with a rebound.
8:02 of 1st period - Wrist shot by Raphael Diaz.
8:02 of 1st period - Deflect By Robert Klinkhammer.
8:02 of 1st period - Shot Blocked by Mattias Backman.
8:02 of 1st period - Puck is out of play.
8:03 of 1st period - Markus Granlund wins face-off versus T.J. Tynan in Carnivores zone.
8:54 of 1st period - Danny DeKeiser is hit by Lane MacDermid and loses puck.
9:09 of 1st period - Snap shot by Lane MacDermid.
9:09 of 1st period - Stopped by Peter Budaj without a rebound.
9:10 of 1st period - Dana Tyrell wins face-off versus Mikael Granlund in Little Stars zone.
9:10 of 1st period - Dana Tyrell is hit by Mikael Granlund.
9:18 of 1st period - Blake Geoffrion is hit by Sean Avery and loses puck.
9:25 of 1st period - Wrist shot by Sean Avery.
9:25 of 1st period - Stopped by Chad Johnson with a rebound.
9:35 of 1st period - Slapshot by Jesse Joensuu.
9:35 of 1st period - Stopped by Chad Johnson with a rebound.
9:39 of 1st period - Backhand shot by Jesse Joensuu.
9:39 of 1st period - Stopped by Chad Johnson with a rebound.
9:45 of 1st period - Snap shot by Jesse Joensuu.
9:45 of 1st period - Stopped by Chad Johnson with a rebound.
9:47 of 1st period - Snap shot by Jesse Joensuu.
9:47 of 1st period - Shot Blocked by Nate Schmidt.
9:53 of 1st period - Minor Penalty to Brendan Gallagher for Slashing.
9:54 of 1st period - Anton Gustafsson wins face-off versus Dana Tyrell in Carnivores zone.
10:19 of 1st period - Anton Gustafsson is hit by Marcus Johansson and loses puck.
11:53 of 1st period - Penalty to Brendan Gallagher is over, Brendan Gallagher is back on ice.
11:58 of 1st period - Niklas Hjalmarsson is hit by Brendan Gallagher and loses puck.
12:29 of 1st period - Snap shot by Lane MacDermid.
12:29 of 1st period - Shot Misses the Net.
12:31 of 1st period - Slapshot by Nate Schmidt.
12:31 of 1st period - Stopped by Peter Budaj with a rebound.
12:33 of 1st period - Slapshot by Lane MacDermid.
12:33 of 1st period - Stopped by Peter Budaj with a rebound.
12:35 of 1st period - Wrist shot by Lane MacDermid.
12:35 of 1st period - Stopped by Peter Budaj without a rebound.
12:36 of 1st period - Zack Smith wins face-off versus Andrej Nestrasil in Little Stars zone.
12:43 of 1st period - Snap shot by Zack Smith.
12:43 of 1st period - Deflect By Colton Orr.
12:43 of 1st period - Stopped by Peter Budaj without a rebound.
12:44 of 1st period - Dana Tyrell wins face-off versus Zack Smith in Little Stars zone.
12:46 of 1st period - Minor Penalty to Alex Chiasson for Holding.
12:47 of 1st period - Sean Avery wins face-off versus Mikael Granlund in Little Stars zone.
13:23 of 1st period - Snap shot by Chris Lawrence.
13:23 of 1st period - Stopped by Peter Budaj without a rebound.
13:24 of 1st period - Sean Avery wins face-off versus Anton Gustafsson in Little Stars zone.
14:12 of 1st period - Icing by Anton Gustafsson.
14:13 of 1st period - T.J. Tynan wins face-off versus Mikael Granlund in Carnivores zone.
14:14 of 1st period - Snap shot by Jesse Joensuu.
14:14 of 1st period - Shot Blocked by Nate Schmidt.
14:20 of 1st period - Wrist shot by Jesse Joensuu.
14:20 of 1st period - Stopped by Chad Johnson without a rebound.
14:21 of 1st period - Mikael Granlund wins face-off versus Sean Avery in Carnivores zone.
14:26 of 1st period - Niklas Hjalmarsson is hit by Mikael Granlund and loses puck.
14:33 of 1st period - Snap shot by Blake Geoffrion.
14:33 of 1st period - Goal by Blake Geoffrion - Carnivores : 1 - Little Stars : 0.
14:34 of 1st period - Anton Gustafsson wins face-off versus Dana Tyrell in neutral zone.
15:38 of 1st period - Nate Schmidt is hit by Sean Avery and loses puck.
16:07 of 1st period - Snap shot by Lane MacDermid.
16:07 of 1st period - Shot Misses the Net.
16:09 of 1st period - Snap shot by Markus Granlund.
16:09 of 1st period - Shot Misses the Net.
16:19 of 1st period - Lane MacDermid is hit by Hugh Jessiman and loses puck.
16:25 of 1st period - Icing by Lane MacDermid.
16:26 of 1st period - Markus Granlund wins face-off versus Andrej Nestrasil in Carnivores zone.
16:26 of 1st period - Markus Granlund is hit by Jesse Joensuu.
17:20 of 1st period - Snap shot by Robert Klinkhammer.
17:20 of 1st period - Shot Misses the Net.
18:10 of 1st period - Snap shot by Jesse Joensuu.
18:10 of 1st period - Stopped by Chad Johnson without a rebound.
18:11 of 1st period - Anton Gustafsson wins face-off versus Dana Tyrell in Carnivores zone.
18:53 of 1st period - Snap shot by Andrej Nestrasil.
18:53 of 1st period - Shot Misses the Net.
19:06 of 1st period - Nate Schmidt is hit by Petter Granberg and loses puck.
19:41 of 1st period - Nate Schmidt is hit by Hugh Jessiman and loses puck.
Goals for this period are 1 for Carnivores vs 0 for Little Stars.
Shots for this period are 14 for Carnivores vs 11 for Little Stars.
2nd period
0:01 of 2nd period - Mikael Granlund wins face-off versus Sean Avery in neutral zone.
0:25 of 2nd period - Marcus Johansson is hit by Bobby Sanguinetti and loses puck.
0:46 of 2nd period - Slapshot by Phil Oreskovic.
0:46 of 2nd period - Stopped by Peter Budaj with a rebound.
1:42 of 2nd period - Minor Penalty to Mattias Backman for Diving.
1:43 of 2nd period - Lane MacDermid wins face-off versus Dana Tyrell in Carnivores zone.
1:48 of 2nd period - Minor Penalty to Danny DeKeiser for Slashing.
1:49 of 2nd period - Mikael Granlund wins face-off versus Sean Avery in Little Stars zone.
2:55 of 2nd period - Slapshot by Chris Lawrence.
2:55 of 2nd period - Shot Blocked by Hugh Jessiman.
2:57 of 2nd period - Snap shot by Bobby Sanguinetti.
2:57 of 2nd period - Stopped by Peter Budaj with a rebound.
2:59 of 2nd period - Snap shot by Chris Lawrence.
2:59 of 2nd period - Shot Blocked by Marcus Johansson.
3:15 of 2nd period - Snap shot by Anton Gustafsson.
3:15 of 2nd period - Shot Misses the Net.
3:23 of 2nd period - Wrist shot by Chris Lawrence.
3:23 of 2nd period - Shot Blocked by Marcus Johansson.
3:25 of 2nd period - Snap shot by Chris Lawrence.
3:25 of 2nd period - Stopped by Peter Budaj without a rebound.
3:26 of 2nd period - Sean Avery wins face-off versus Mikael Granlund in Little Stars zone.
3:42 of 2nd period - Penalty to Mattias Backman is over, Mattias Backman is back on ice.
3:48 of 2nd period - Penalty to Danny DeKeiser is over, Danny DeKeiser is back on ice.
3:56 of 2nd period - Slapshot by Raphael Diaz.
3:56 of 2nd period - Stopped by Chad Johnson with a rebound.
3:58 of 2nd period - Snap shot by Danny DeKeiser.
3:58 of 2nd period - Stopped by Chad Johnson with a rebound.
4:00 of 2nd period - Backhand shot by Raphael Diaz.
4:00 of 2nd period - Stopped by Chad Johnson with a rebound.
4:02 of 2nd period - Snap shot by Danny DeKeiser.
4:02 of 2nd period - Stopped by Chad Johnson with a rebound.
4:08 of 2nd period - Snap shot by Sean Avery.
4:08 of 2nd period - Shot Misses the Net.
4:10 of 2nd period - Backhand shot by Niklas Hjalmarsson.
4:10 of 2nd period - Shot Blocked by Mikael Granlund.
4:18 of 2nd period - Backhand shot by Alex Chiasson.
4:18 of 2nd period - Deflect By Sean Avery.
4:18 of 2nd period - Stopped by Chad Johnson without a rebound.
4:19 of 2nd period - Zack Smith wins face-off versus Tyler Randell in Carnivores zone.
4:19 of 2nd period - Zack Smith is hit by Jesse Joensuu.
5:10 of 2nd period - Slapshot by Sasha Pokulok.
5:10 of 2nd period - Stopped by Peter Budaj without a rebound.
5:11 of 2nd period - Brian Flynn wins face-off versus Chris Lawrence in Little Stars zone.
5:11 of 2nd period - Brian Flynn is hit by Anton Gustafsson.
6:03 of 2nd period - Icing by Mikael Granlund.
6:04 of 2nd period - Mikael Granlund wins face-off versus T.J. Tynan in Carnivores zone.
6:23 of 2nd period - Wrist shot by Brendan Gallagher.
6:23 of 2nd period - Goal by Brendan Gallagher - Carnivores : 2 - Little Stars : 0.
6:24 of 2nd period - Dana Tyrell wins face-off versus Anton Gustafsson in neutral zone.
6:26 of 2nd period - Minor Penalty to Petter Granberg for Hooking.
6:27 of 2nd period - Sean Avery wins face-off versus Mikael Granlund in Little Stars zone.
8:26 of 2nd period - Penalty to Petter Granberg is over, Petter Granberg is back on ice.
9:48 of 2nd period - Slapshot by Niklas Hjalmarsson.
9:48 of 2nd period - Deflect By Blake Geoffrion.
9:48 of 2nd period - Stopped by Chad Johnson without a rebound.
9:49 of 2nd period - Brian Flynn wins face-off versus Mikael Granlund in Carnivores zone.
10:47 of 2nd period - Snap shot by Marcus Johansson.
10:47 of 2nd period - Shot Misses the Net.
10:49 of 2nd period - Snap shot by Hugh Jessiman.
10:49 of 2nd period - Goal by Hugh Jessiman - Carnivores : 2 - Little Stars : 1.
10:50 of 2nd period - Anton Gustafsson wins face-off versus Dana Tyrell in neutral zone.
10:58 of 2nd period - Icing by Danny DeKeiser.
10:59 of 2nd period - Anton Gustafsson wins face-off versus Dana Tyrell in Little Stars zone.
11:46 of 2nd period - Slapshot by Alex Chiasson.
11:46 of 2nd period - Shot Blocked by Anton Gustafsson.
11:48 of 2nd period - Snap shot by Sean Avery.
11:48 of 2nd period - Shot Misses the Net.
11:50 of 2nd period - Slapshot by Sean Avery.
11:50 of 2nd period - Stopped by Chad Johnson with a rebound.
12:04 of 2nd period - Snap shot by Alex Chiasson.
12:04 of 2nd period - Shot Misses the Net.
12:12 of 2nd period - Wrist shot by Sean Avery.
12:12 of 2nd period - Stopped by Chad Johnson with a rebound.
12:14 of 2nd period - Wrist shot by Dana Tyrell.
12:14 of 2nd period - Deflect By Alex Chiasson.
12:14 of 2nd period - Shot Misses the Net.
12:14 of 2nd period - Puck is out of play.
12:15 of 2nd period - Brian Flynn wins face-off versus Brendan Gallagher in Carnivores zone.
12:26 of 2nd period - Slapshot by Phil Oreskovic.
12:26 of 2nd period - Stopped by Peter Budaj without a rebound.
12:27 of 2nd period - Mikael Granlund wins face-off versus Brian Flynn in Little Stars zone.
13:17 of 2nd period - Conor Allen is hit by Mattias Backman and loses puck.
13:42 of 2nd period - Snap shot by Marcus Johansson.
13:42 of 2nd period - Shot Blocked by Mikael Granlund.
13:52 of 2nd period - Jesse Joensuu is hit by Lane MacDermid and loses puck.
14:11 of 2nd period - Minor Penalty to Raphael Diaz for Interference.
14:12 of 2nd period - Sean Avery wins face-off versus Mikael Granlund in Little Stars zone.
14:45 of 2nd period - Snap shot by Chris Lawrence.
14:45 of 2nd period - Stopped by Peter Budaj without a rebound.
14:46 of 2nd period - Anton Gustafsson wins face-off versus Hugh Jessiman in Little Stars zone.
14:49 of 2nd period - Wrist shot by Anton Gustafsson.
14:49 of 2nd period - Stopped by Peter Budaj without a rebound.
14:50 of 2nd period - Anton Gustafsson wins face-off versus Marcus Johansson in Little Stars zone.
15:00 of 2nd period - Minor Penalty to Hugh Jessiman for Hooking.
15:01 of 2nd period - Mikael Granlund wins face-off versus Sean Avery in Little Stars zone.
15:01 of 2nd period - Snap shot by Blake Geoffrion.
15:01 of 2nd period - Shot Blocked by Niklas Hjalmarsson.
15:03 of 2nd period - Wrist shot by Mikael Granlund.
15:03 of 2nd period - Shot Blocked by Conor Allen.
15:05 of 2nd period - Slapshot by Bobby Sanguinetti.
15:05 of 2nd period - Deflect By Sean Avery.
15:05 of 2nd period - Stopped by Peter Budaj without a rebound.
15:06 of 2nd period - Mikael Granlund wins face-off versus Sean Avery in Little Stars zone.
15:11 of 2nd period - Snap shot by Mikael Granlund.
15:11 of 2nd period - Shot Misses the Net.
15:13 of 2nd period - Snap shot by Brendan Gallagher.
15:13 of 2nd period - Shot Blocked by Sean Avery.
15:15 of 2nd period - Slapshot by Nate Schmidt.
15:15 of 2nd period - Shot Misses the Net.
15:21 of 2nd period - Wrist shot by Blake Geoffrion.
15:21 of 2nd period - Goal by Blake Geoffrion - Carnivores : 3 - Little Stars : 1.
15:22 of 2nd period - Sean Avery wins face-off versus Mikael Granlund in neutral zone.
16:14 of 2nd period - Mathieu Roy is hit by Nate Schmidt and loses puck.
17:00 of 2nd period - Penalty to Hugh Jessiman is over, Hugh Jessiman is back on ice.
17:09 of 2nd period - Conor Allen is hit by Lane MacDermid and loses puck.
17:18 of 2nd period - Petter Granberg is hit by Mat Clark and loses puck.
17:53 of 2nd period - Icing by Petter Granberg.
17:54 of 2nd period - T.J. Tynan wins face-off versus Mikael Granlund in Little Stars zone.
17:54 of 2nd period - T.J. Tynan is hit by Brendan Gallagher.
18:22 of 2nd period - Off-side.
18:23 of 2nd period - Andrej Nestrasil wins face-off versus Anton Gustafsson in neutral zone.
18:40 of 2nd period - Wrist shot by Jesse Joensuu.
18:40 of 2nd period - Shot Blocked by Mat Clark.
18:42 of 2nd period - Slapshot by Niklas Hjalmarsson.
18:42 of 2nd period - Stopped by Chad Johnson without a rebound.
18:43 of 2nd period - Mikael Granlund wins face-off versus Dana Tyrell in Carnivores zone.
18:43 of 2nd period - Mikael Granlund is hit by Sean Avery.
19:11 of 2nd period - Brian Flynn is hit by Bobby Sanguinetti and loses puck.
19:36 of 2nd period - Wrist shot by Bobby Sanguinetti.
19:36 of 2nd period - Stopped by Peter Budaj with a rebound.
19:38 of 2nd period - Wrist shot by Lane MacDermid.
19:38 of 2nd period - Shot Misses the Net.
19:54 of 2nd period - Wrist shot by Robert Klinkhammer.
19:54 of 2nd period - Stopped by Chad Johnson with a rebound.
Goals for this period are 2 for Carnivores vs 1 for Little Stars.
Shots for this period are 11 for Carnivores vs 11 for Little Stars.
3rd period
0:01 of 3rd period - Mikael Granlund wins face-off versus Dana Tyrell in neutral zone.
0:08 of 3rd period - Snap shot by Mikael Granlund.
0:08 of 3rd period - Shot Misses the Net.
0:26 of 3rd period - Bobby Sanguinetti is hit by Mathieu Roy and loses puck.
0:37 of 3rd period - Snap shot by Brian Flynn.
0:37 of 3rd period - Stopped by Chad Johnson without a rebound.
0:38 of 3rd period - Blake Geoffrion wins face-off versus Dana Tyrell in Carnivores zone.
0:47 of 3rd period - Backhand shot by Blake Geoffrion.
0:47 of 3rd period - Stopped by Peter Budaj with a rebound.
1:37 of 3rd period - Slapshot by Tyler Randell.
1:37 of 3rd period - Shot Blocked by Mark McNeill.
1:39 of 3rd period - Slapshot by Conor Allen.
1:39 of 3rd period - Stopped by Chad Johnson with a rebound.
1:41 of 3rd period - Wrist shot by Jesse Joensuu.
1:41 of 3rd period - Stopped by Chad Johnson without a rebound.
1:42 of 3rd period - Dana Tyrell wins face-off versus Mikael Granlund in Carnivores zone.
1:51 of 3rd period - Petter Granberg is hit by Brendan Gallagher and loses puck.
2:08 of 3rd period - Mark McNeill is hit by Marcus Johansson and loses puck.
2:39 of 3rd period - Slapshot by Robert Klinkhammer.
2:39 of 3rd period - Shot Misses the Net.
2:41 of 3rd period - Slapshot by Danny DeKeiser.
2:41 of 3rd period - Deflect By T.J. Tynan.
2:41 of 3rd period - Shot Misses the Net.
2:41 of 3rd period - Puck is out of play.
2:42 of 3rd period - Dana Tyrell wins face-off versus Mikael Granlund in Carnivores zone.
2:43 of 3rd period - Snap shot by Alex Chiasson.
2:43 of 3rd period - Shot Blocked by Nate Schmidt.
3:34 of 3rd period - Snap shot by Lane MacDermid.
3:34 of 3rd period - Deflect By Tyler Randell.
3:34 of 3rd period - Stopped by Peter Budaj with a rebound.
3:36 of 3rd period - Snap shot by Mark McNeill.
3:36 of 3rd period - Stopped by Peter Budaj with a rebound.
3:38 of 3rd period - Wrist shot by Lane MacDermid.
3:38 of 3rd period - Stopped by Peter Budaj without a rebound.
3:39 of 3rd period - Mikael Granlund wins face-off versus Dana Tyrell in Little Stars zone.
4:33 of 3rd period - Snap shot by Lane MacDermid.
4:33 of 3rd period - Shot Misses the Net.
4:35 of 3rd period - Snap shot by Markus Granlund.
4:35 of 3rd period - Stopped by Peter Budaj with a rebound.
4:52 of 3rd period - Raphael Diaz is hit by Blake Geoffrion and loses puck.
5:09 of 3rd period - Colton Orr is hit by Jesse Joensuu and loses puck.
5:26 of 3rd period - Off-side.
5:27 of 3rd period - Anton Gustafsson wins face-off versus Dana Tyrell in neutral zone.
5:43 of 3rd period - Wrist shot by Alex Chiasson.
5:43 of 3rd period - Stopped by Chad Johnson with a rebound.
5:53 of 3rd period - Nate Schmidt is hit by Robert Klinkhammer.
6:23 of 3rd period - Wrist shot by Mikael Granlund.
6:23 of 3rd period - Shot Misses the Net.
6:25 of 3rd period - Backhand shot by Mikael Granlund.
6:25 of 3rd period - Stopped by Peter Budaj without a rebound.
6:26 of 3rd period - Markus Granlund wins face-off versus Dana Tyrell in Little Stars zone.
6:44 of 3rd period - Minor Penalty to Raphael Diaz for High sticking.
6:45 of 3rd period - Mikael Granlund wins face-off versus Sean Avery in Little Stars zone.
7:00 of 3rd period - Snap shot by Alex Chiasson.
7:00 of 3rd period - Stopped by Chad Johnson with a rebound.
7:10 of 3rd period - Sean Avery is hit by Anton Gustafsson and loses puck.
8:26 of 3rd period - Markus Granlund is hit by Jesse Joensuu and loses puck.
8:35 of 3rd period - Nate Schmidt is hit by Conor Allen and loses puck.
8:44 of 3rd period - Penalty to Raphael Diaz is over, Raphael Diaz is back on ice.
9:10 of 3rd period - Slapshot by Niklas Hjalmarsson.
9:10 of 3rd period - Stopped by Chad Johnson without a rebound.
9:11 of 3rd period - Markus Granlund wins face-off versus Brian Flynn in Carnivores zone.
9:37 of 3rd period - Snap shot by Dana Tyrell.
9:37 of 3rd period - Stopped by Chad Johnson without a rebound.
9:38 of 3rd period - Anton Gustafsson wins face-off versus Dana Tyrell in Carnivores zone.
9:38 of 3rd period - Anton Gustafsson is hit by Dana Tyrell.
9:54 of 3rd period - Danny DeKeiser is hit by Bobby Sanguinetti.
10:12 of 3rd period - Snap shot by Marcus Johansson.
10:12 of 3rd period - Shot Misses the Net.
10:31 of 3rd period - Minor Penalty to T.J. Tynan for Interference.
10:32 of 3rd period - Mikael Granlund wins face-off versus Sean Avery in Little Stars zone.
10:57 of 3rd period - Raphael Diaz is hit by Jeremy Welsh and loses puck.
11:28 of 3rd period - Slapshot by Raphael Diaz.
11:28 of 3rd period - Deflect By Marcus Johansson.
11:28 of 3rd period - Stopped by Chad Johnson without a rebound.
11:29 of 3rd period - Sean Avery wins face-off versus Anton Gustafsson in Carnivores zone.
12:31 of 3rd period - Penalty to T.J. Tynan is over, T.J. Tynan is back on ice.
12:41 of 3rd period - Snap shot by Alex Chiasson.
12:41 of 3rd period - Shot Blocked by Mat Clark.
13:01 of 3rd period - Jesse Joensuu is hit by Colton Orr and loses puck.
13:46 of 3rd period - Icing by Anton Gustafsson.
13:47 of 3rd period - Jeremy Welsh wins face-off versus Marcus Johansson in Carnivores zone.
13:51 of 3rd period - Off-side.
13:52 of 3rd period - Brian Flynn wins face-off versus Anton Gustafsson in neutral zone.
14:03 of 3rd period - Slapshot by Phil Oreskovic.
14:03 of 3rd period - Stopped by Peter Budaj with a rebound.
14:05 of 3rd period - Snap shot by Chris Lawrence.
14:05 of 3rd period - Shot Misses the Net.
14:21 of 3rd period - Slapshot by Anton Gustafsson.
14:21 of 3rd period - Stopped by Peter Budaj with a rebound.
14:23 of 3rd period - Wrist shot by Jeremy Welsh.
14:23 of 3rd period - Deflect By Mathieu Roy.
14:23 of 3rd period - Stopped by Peter Budaj without a rebound.
14:24 of 3rd period - Mikael Granlund wins face-off versus Dana Tyrell in Little Stars zone.
14:53 of 3rd period - Off-side.
14:54 of 3rd period - Robert Klinkhammer wins face-off versus Chris Lawrence in neutral zone.
15:31 of 3rd period - Snap shot by Anton Gustafsson.
15:31 of 3rd period - Stopped by Peter Budaj with a rebound.
15:33 of 3rd period - Wrist shot by Anton Gustafsson.
15:33 of 3rd period - Stopped by Peter Budaj with a rebound.
15:35 of 3rd period - Snap shot by Jeremy Welsh.
15:35 of 3rd period - Stopped by Peter Budaj without a rebound.
15:36 of 3rd period - Andrej Nestrasil wins face-off versus Mikael Granlund in Little Stars zone.
15:45 of 3rd period - Slapshot by Danny DeKeiser.
15:45 of 3rd period - Shot Blocked by Mikael Granlund.
15:54 of 3rd period - Minor Penalty to Jesse Joensuu for Holding.
15:55 of 3rd period - Mikael Granlund wins face-off versus Sean Avery in Little Stars zone.
16:03 of 3rd period - Snap shot by Mikael Granlund.
16:03 of 3rd period - Deflect By Brendan Gallagher.
16:03 of 3rd period - Stopped by Peter Budaj with a rebound.
16:05 of 3rd period - Slapshot by Bobby Sanguinetti.
16:05 of 3rd period - Shot Blocked by Raphael Diaz.
16:07 of 3rd period - Wrist shot by Blake Geoffrion.
16:07 of 3rd period - Goal by Blake Geoffrion - Carnivores : 4 - Little Stars : 1.
16:08 of 3rd period - Mikael Granlund wins face-off versus Dana Tyrell in neutral zone.
17:06 of 3rd period - Snap shot by Jesse Joensuu.
17:06 of 3rd period - Stopped by Chad Johnson with a rebound.
17:57 of 3rd period - Snap shot by Brian Flynn.
17:57 of 3rd period - Shot Hit the Post.
17:59 of 3rd period - Slapshot by Marcus Johansson.
17:59 of 3rd period - Shot Blocked by Jeremy Welsh.
18:01 of 3rd period - Snap shot by Brian Flynn.
18:01 of 3rd period - Goal by Brian Flynn - Carnivores : 4 - Little Stars : 2.
18:02 of 3rd period - Markus Granlund wins face-off versus Andrej Nestrasil in neutral zone.
18:02 of 3rd period - Markus Granlund is hit by Tyler Randell.
18:08 of 3rd period - Snap shot by Lane MacDermid.
18:08 of 3rd period - Shot Blocked by Jesse Joensuu.
18:18 of 3rd period - Snap shot by Jesse Joensuu.
18:18 of 3rd period - Stopped by Chad Johnson without a rebound.
18:19 of 3rd period - Mikael Granlund wins face-off versus T.J. Tynan in Carnivores zone.
18:21 of 3rd period - Minor Penalty to Brendan Gallagher for Tripping.
18:22 of 3rd period - Anton Gustafsson wins face-off versus Dana Tyrell in Carnivores zone.
Goals for this period are 1 for Carnivores vs 1 for Little Stars.
Shots for this period are 14 for Carnivores vs 11 for Little Stars.
Back to the Top